 Dungeon Crawl Stone Soup version 0.29.0-4-gdea44cf6ec (webtiles) character file.

Game seed: 11153297727635681401

5684 qw the Cleaver (level 10, -6/66 HPs)
             Began as a Gargoyle Berserker on Sept 4, 2022.
             Was an Elder of Trog.
             Mangled by an orc knight
             ... wielding a +4 great sword
              (8 damage)
             ... on level 10 of the Dungeon.
             The game lasted 00:03:48 (11141 turns).

qw the Cleaver (Gargoyle Berserker)                Turns: 11141, Time: 00:03:48

Health: -6/66      AC: 30    Str: 25    XL:     10   Next: 75%
Magic:  10/10      EV: 16    Int:  8    God:    Trog [****..]
Gold:   741        SH:  0    Dex: 13    Spells: 9/9 levels left

rFire   + . .      SeeInvis .   Y - +1 hand axe (protect)
rCold   . . .      Faith    .   (no shield)
rNeg    + . .      Spirit   .   p - +0 plate armour
rPois   inf        Reflect  .   k - +0 helmet
rElec   +          Harm     .   g - +0 cloak
rCorr   .          Rampage  .   (no gloves)
Will    .....                   (no boots)
Stlth   ..........              j - amulet of the acrobat
HPRegen 0.21/turn               a - ring "Avofe" {Fly rF+ EV+4 Dex+4}
MPRegen 0.12/turn               n - +4 ring of evasion

@: about to teleport, under a protective aura, on berserk cooldown, flying,
slowed, very slow
A: sickness immunity, AC +7, negative energy resistance 1, electricity
resistance, torment resistance 1, petrification resistance
a: Renounce Religion, Berserk, Trog's Hand, Brothers in Arms


You were on level 10 of the Dungeon.
You worshipped Trog.
Trog was greatly pleased with you.
You visited 1 branch of the dungeon, and saw 10 of its levels.

You collected 741 gold pieces.


Innate Abilities, Weirdness & Mutations

You are immune to sickness and miasma.
Your stone body is resilient. (AC +7)
You are immune to poison.
You resist negative energy. (rN+)
You are resistant to electric shocks. (rElec)
You are resistant to unholy torment.
You are immune to petrification.


   Skills:
 - Level 9.1 Fighting
 + Level 11.0 Axes
 - Level 1.3 Throwing
 - Level 8.0 Armour
 - Level 2.2 Dodging


You had 9 spell levels left.
You didn't know any spells.
Your spell library was empty.

Inventory:

Hand Weapons
 o - a +0 flail
 Y - a +1 hand axe of protection (weapon)
Missiles
 e - 2 boomerangs (quivered)
Armour
 g - a +0 cloak (worn)
 k - a +0 helmet (worn)
 p - a +0 plate armour (worn)
Jewellery
 a - the ring "Avofe" (left hand) {Fly rF+ EV+4 Dex+4}
   (You acquired it on level 1 of the Dungeon)

   [ring of evasion]

   EV:        It affects your evasion (+4).
   Dex:       It affects your dexterity (+4).
   rF:        It protects you from fire.
   Fly:       It grants you flight.
 j - an amulet of the acrobat (around neck)
 n - a +4 ring of evasion (right hand)
Scrolls
 b - 5 scrolls of identify
 i - a scroll of teleportation
Potions
 c - a potion of resistance
 f - 2 potions of curing
 h - 3 potions of might
 q - a potion of cancellation

Dungeon Overview and Level Annotations

Branches:
Dungeon (10/15)            Temple (0/1) D:7
   Lair: D:8-11         Orc: D:9-12

Altars:
Ashenzari
Cheibriados
Elyvilon
Fedhas
Gozag
Hepliaklqana
Kikubaaqudgha
Makhleb
Nemelex Xobeh
Qazlal
Ru
Sif Muna
Trog
Uskayaw
Vehumet
Wu Jian
Xom
Yredelemnul
Zin
The Shining One

Annotations:
D:7 1 runed translucent door, qw's ghost, novice TrCA
D:9 3 runed translucent doors, qw's ghost, novice TrCA


Message History

You closely miss the orc priest. You closely miss the orc knight.
You hit the orc. The orc misses you. The orc knight barely misses you.
The orc closely misses you.
You barely miss the orc. You punch the orc.
The orc is severely wounded.
You hit the orc warrior but do no damage.
You hit the orc knight but do no damage.
You barely miss the orc.
The orc knight roars a battlecry!
The orcs go into a battle-frenzy!
The orc hits you with a +0 war axe! The orc barely misses you.
The orc priest calls upon Beogh to heal the orc.
The orc's wounds heal themselves!
You completely miss the orc.
The orc is severely wounded.
You hit the orc. You hit the orc warrior.
You hit the orc knight but do no damage.
The orc knight misses you. The orc hits you but does no damage.
You hit the orc.
You kill the orc!
Trog accepts your kill.
You can now call in reinforcements.
You hit the orc priest.
You hit the orc warrior but do no damage.
You completely miss the orc knight. You hit the orc.
The orc knight hits you but does no damage.
The orc hits you with a +0 hand axe! The orc priest closely misses you.
The orc warrior hits you with a +1 vorpal hand axe!
11141 ||| READING 2 scrolls of teleportation.
As you read the scroll of teleportation, it crumbles to dust.
You feel strangely unstable. The orc knight barely misses you.
The orc priest hits you but does no damage.
The orc hits you but does no damage.
An orc warrior comes into view. It is wielding a +0 halberd.
The orc warrior closely misses you. The orc completely misses you.
The orc closely misses you.
The orc warrior hits you but does no damage.
The orc knight hits you with a +4 great sword!
You die...

......#
.....############
#...............
#...............
#..............<
#...)...........
#...)###'######
#..o.#........#
#o@o.#........#
#ooo.#.......##
.ooo..#.......#
#..o...#<......#
........#..)#####
.........#####
...........
o...........


You could see an orc knight, 2 orc warriors, 2 orc priests and 6 orcs.

Vanquished Creatures
  Pikel (D:5)
  A troll (D:9)
  A hornet (D:7)
  2 wraiths
  6 yaks (D:7)
  2 water moccasins
  3 orc warriors
  2 ice beasts
  A sky beast (D:7)
  A black bear (D:5)
  4 ogres (D:6)
  A centaur (D:9)
  2 phantoms
  6 necrophages
  2 bullfrogs (D:8)
  7 scorpions
  5 wights (D:8)
  4 killer bees
  A howler monkey (D:5)
  A bullfrog zombie (D:7)
  5 orc priests
  A quasit (D:8)
  2 human zombies (D:8)
  A jelly (D:5)
  2 hounds
  An iguana (D:6)
  A human skeleton (D:8)
  11 orc wizards
  A howler monkey zombie (D:7)
  6 adders
  5 white imps
  An ufetubus (D:4)
  A worm (D:3)
  3 dart slugs
  27 orcs
  10 endoplasms
  A giant cockroach (D:1)
  5 goblins
  2 hobgoblins (D:2)
  3 quokkas
  4 ball pythons
  8 bats
  7 frilled lizards
  3 goblin zombies (D:8)
  6 hobgoblin zombies (D:8)
  5 kobolds
  3 kobold zombies (D:8)
  3 orc skeletons (D:8)
  5 rats
  A spectral goblin (D:2)
187 creatures vanquished.

Vanquished Creatures (others)
  A bush (D:7)
  13 plants (D:7)
  5 toadstools (D:5)
19 creatures vanquished.

Grand Total: 206 creatures vanquished

Notes
Turn   | Place    | Note
-------+----------+-------------------------------------------
     0 | D:1      | qw the Gargoyle Berserker began the quest for the Orb.
     0 | D:1      | Reached XP level 1. HP: 14/14 MP: 1/1
     0 | D:1      | 0 ||| qw: Version: 0.1-a-103-gd6f5d3a
     0 | D:1      | 0 ||| qw: Game counter: 5681
     0 | D:1      | 0 ||| qw: Always use a shield: true
     0 | D:1      | 0 ||| qw: Do Orc after D:15 true
     0 | D:1      | 0 ||| qw: Do second Lair branch before Depths: true
     0 | D:1      | 0 ||| qw: Lair rune preference: random
     0 | D:1      | 0 ||| qw: Plans: Normal
     0 | D:1      | 0 ||| PLANNING D:1-11
    49 | D:1      | 49 ||| INVOKING Berserk.
   413 | D:1      | Reached skill level 3 in Axes
   505 | D:1      | 505 ||| Stepping ~*~*~tactically~*~*~ (stealth).
   513 | D:1      | Reached XP level 2. HP: 18/19 MP: 2/2
   529 | D:1      | 529 ||| DROPPING +0 club.
   622 | D:1      | 622 ||| INVOKING Berserk.
   667 | D:1      | 667 ||| INVOKING Berserk.
  1146 | D:1      | 1146 ||| Stepping ~*~*~tactically~*~*~ (stealth).
  1253 | D:1      | Reached XP level 3. HP: 17/23 MP: 3/3
  1683 | D:1      | 1683 ||| UPGRADING to +0 ring mail.
  1693 | D:1      | 1693 ||| DROPPING +0 animal skin.
  1694 | D:1      | 1694 ||| UPGRADING to +0 helmet.
  1699 | D:1      | 1699 ||| READING scroll labelled BEWOUM NUFIXT.
  1699 | D:1      | Identified a scroll of acquirement
  1699 | D:1      | 1699 ||| ACQUIRING ring "Avofe" {Fly rF+ EV+4 Dex+4}
  1699 | D:1      | Acquired the ring "Avofe" {Fly rF+ EV+4 Dex+4}
  1701 | D:1      | 1701 ||| UPGRADING to ring "Avofe" {Fly rF+ EV+4 Dex+4}.
  1702 | D:1      | 1702 ||| READING scroll labelled JUAPNE LAFOULLEUS.
  1703 | D:1      | 1703 ||| READING scroll labelled MAFODE XEUFO.
  1704 | D:1      | 1704 ||| READING scroll labelled OHUREXZ WERULA.
  1705 | D:1      | 1705 ||| DRINKING 2 fuming cyan potions.
  1813 | D:2      | Reached ** piety under Trog
  1833 | D:2      | Reached skill level 4 in Axes
  1846 | D:2      | Found a faded altar of an unknown god.
  2121 | D:2      | Reached XP level 4. HP: 27/28 MP: 4/4
  2190 | D:2      | 2190 ||| UPGRADING to +0 cloak.
  2195 | D:2      | 2195 ||| READING scroll labelled MIPTECH LINORCH.
  2196 | D:2      | 2196 ||| READING scroll labelled MICUTS CERESCH.
  2197 | D:2      | 2197 ||| DRINKING 2 yellow potions.
  2198 | D:2      | 2198 ||| READING 2 scrolls of identify.
  2198 | D:2      | 2198 ||| IDENTIFYING bubbling golden potion
  2199 | D:2      | 2199 ||| DROPPING potion of ambrosia.
  2326 | D:3      | You are sucked into a shaft and drop 3 floors!
  2352 | D:6      | Noticed a +0 dagger
  2374 | D:6      | Noticed an ogre
  2374 | D:6      | Noticed an ogre
  2375 | D:6      | 2375 ||| Stepping ~*~*~tactically~*~*~ (stealth).
  2377 | D:6      | 2377 ||| Stepping ~*~*~tactically~*~*~ (stealth).
  2378 | D:6      | 2378 ||| INVOKING Berserk.
  2379 | D:6      | 2379 ||| INVOKING Berserk.
  2382 | D:6      | Killed an ogre
  2383 | D:6      | Reached skill level 5 in Axes
  2383 | D:6      | Reached XP level 5. HP: 32/32 MP: 5/5
  2389 | D:6      | Killed an ogre
  2390 | D:6      | Reached XP level 6. HP: 25/39 MP: 6/6
  2585 | D:6      | 2585 ||| INVOKING Berserk.
  2586 | D:6      | 2586 ||| INVOKING Berserk.
  2716 | D:6      | 2716 ||| Stepping ~*~*~tactically~*~*~ (hiding).
  2721 | D:6      | 2721 ||| INVOKING Berserk.
  2726 | D:6      | Reached skill level 6 in Axes
  2900 | D:6      | 2900 ||| READING 3 scrolls of identify.
  2900 | D:6      | 2900 ||| IDENTIFYING smoky purple potion
  2901 | D:6      | 2901 ||| READING 2 scrolls of identify.
  2901 | D:6      | 2901 ||| IDENTIFYING fuming pink potion
  2902 | D:6      | 2902 ||| DROPPING potion of attraction.
  2903 | D:6      | 2903 ||| DROPPING potion of flight.
  2912 | D:5      | Entered Level 5 of the Dungeon
  2949 | D:5      | Reached XP level 7. HP: 30/44 MP: 7/7
  3096 | D:5      | Found a hazy altar of Hepliaklqana.
  3115 | D:5      | 3115 ||| INVOKING Berserk.
  3118 | D:5      | Reached skill level 7 in Axes
  3243 | D:5      | 3243 ||| INVOKING Berserk.
  3555 | D:5      | Reached XP level 8. HP: 40/49 MP: 8/8
  3802 | D:5      | 3802 ||| DROPPING orb of light.
  3803 | D:5      | 3803 ||| UPGRADING to +0 chain mail.
  3813 | D:5      | 3813 ||| DROPPING +0 ring mail.
  3814 | D:5      | 3814 ||| UPGRADING to amulet of the acrobat.
  3819 | D:5      | 3819 ||| READING scroll labelled WUUROC XEH ADGH.
  3820 | D:5      | 3820 ||| READING 3 scrolls of identify.
  3820 | D:5      | 3820 ||| IDENTIFYING coppery potion
  3821 | D:5      | 3821 ||| DROPPING potion of lignification.
  3885 | D:4      | 3885 ||| Stepping ~*~*~tactically~*~*~ (hiding).
  3996 | D:4      | 3996 ||| READING scroll labelled QEC BERUPNEU.
  4002 | D:4      | Found a snail-covered altar of Cheibriados.
  4089 | D:3      | 4089 ||| Stepping ~*~*~tactically~*~*~ (stealth).
  4364 | D:3      | Found a glowing silver altar of Zin.
  4399 | D:3      | Found a bloodstained altar of Trog.
  4400 | D:3      | 4400 ||| Stepping ~*~*~tactically~*~*~ (stealth).
  4464 | D:3      | Reached skill level 3 in Armour
  4519 | D:3      | 4519 ||| Stepping ~*~*~tactically~*~*~ (stealth).
  4526 | D:3      | 4526 ||| Stepping ~*~*~tactically~*~*~ (stealth).
  4662 | D:3      | 4662 ||| UPGRADING to +4 ring of evasion.
  4663 | D:3      | 4663 ||| READING 3 scrolls labelled YJIUTU ESMUJ.
  4664 | D:3      | 4664 ||| READING scroll labelled LOSHIU ZEMN.
  4665 | D:3      | 4665 ||| READING 3 scrolls labelled CASAXEG ZOPA.
  4666 | D:3      | 4666 ||| DRINKING 2 cyan potions.
  4667 | D:3      | 4667 ||| DROPPING 2 scrolls of blinking.
  4668 | D:3      | 4668 ||| DROPPING 2 scrolls of fear.
  4738 | D:4      | Found a shimmering altar of Xom.
  4770 | D:4      | Reached skill level 8 in Axes
  4859 | D:4      | Found a sacrificial altar of Ru.
  5112 | D:4      | 5112 ||| DROPPING +0 whip.
  5213 | D:4      | Found a shimmering blue altar of Sif Muna.
  5215 | D:4      | 5215 ||| DRINKING 5 potions of curing.
  5215 | D:4      | 5215 ||| (to cure confusion)
  5228 | D:4      | Found an ancient bone altar of Kikubaaqudgha.
  5235 | D:4      | 5235 ||| DRINKING 4 potions of curing.
  5235 | D:4      | 5235 ||| (to cure confusion)
  5241 | D:4      | Found a radiant altar of Vehumet.
  5367 | D:4      | 5367 ||| DROPPING amulet of faith.
  5368 | D:4      | 5368 ||| READING 4 scrolls of identify.
  5368 | D:4      | 5368 ||| IDENTIFYING silvery potion
  5369 | D:4      | 5369 ||| DROPPING potion of brilliance.
  5459 | D:5      | 5459 ||| Stepping ~*~*~tactically~*~*~ (hiding).
  5469 | D:5      | 5469 ||| INVOKING Berserk.
  5475 | D:5      | Reached skill level 6 in Fighting
  5687 | D:5      | Noticed Pikel
  5688 | D:5      | 5688 ||| Stepping ~*~*~tactically~*~*~ (stealth).
  5692 | D:5      | 5692 ||| INVOKING Berserk.
  5699 | D:5      | Killed Pikel
  5700 | D:5      | Reached skill level 9 in Axes
  5700 | D:5      | Reached XP level 9. HP: 55/55 MP: 9/9
  6001 | D:6      | 6001 ||| Stepping ~*~*~tactically~*~*~ (hiding).
  6004 | D:6      | 6004 ||| Stepping ~*~*~tactically~*~*~ (stealth).
  6007 | D:6      | 6007 ||| INVOKING Berserk.
  6320 | D:6      | Noticed a +0 hand axe
  6321 | D:6      | Found a hide-covered altar of Uskayaw.
  6323 | D:6      | 6323 ||| READING scroll labelled QUECRASTROCA.
  6440 | D:6      | 6440 ||| READING scroll labelled AMUUSEG UDUGOA.
  6456 | D:7      | 6456 ||| STAIRDANCE
  6463 | D:7      | 6463 ||| STAIRDANCE
  6476 | D:7      | 6476 ||| STAIRDANCE
  6480 | D:6      | 6480 ||| DRINKING 3 potions of curing.
  6480 | D:6      | 6480 ||| (to cure confusion)
  6484 | D:6      | 6484 ||| DRINKING 2 potions of curing.
  6484 | D:6      | 6484 ||| (to cure confusion)
  6580 | D:7      | 6580 ||| Stepping ~*~*~tactically~*~*~ (stealth).
  6583 | D:7      | 6583 ||| Stepping ~*~*~tactically~*~*~ (stealth).
  6585 | D:7      | 6585 ||| Stepping ~*~*~tactically~*~*~ (hiding).
  6704 | D:7      | Found a sparkling altar of Nemelex Xobeh.
  6791 | D:7      | Reached skill level 1 in Throwing
  6913 | D:7      | 6913 ||| Stepping ~*~*~tactically~*~*~ (hiding).
  6915 | D:7      | 6915 ||| INVOKING Berserk.
  7005 | D:7      | 7005 ||| Stepping ~*~*~tactically~*~*~ (stealth).
  7007 | D:7      | 7007 ||| Stepping ~*~*~tactically~*~*~ (stealth).
  7050 | D:7      | Noticed qw's ghost (novice TrCA)
  7112 | D:7      | Identified the +4 ring mail of Athuss {rElec rPois Int+2}
  7117 | D:7      | Found a runed translucent door.
  7257 | D:7      | 7257 ||| Stepping ~*~*~tactically~*~*~ (hiding).
  7273 | D:7      | 7273 ||| Stepping ~*~*~tactically~*~*~ (stealth).
  7280 | D:7      | 7280 ||| Stepping ~*~*~tactically~*~*~ (stealth).
  7290 | D:7      | Reached *** piety under Trog
  7299 | D:7      | Reached skill level 10 in Axes
  7300 | D:7      | 7300 ||| INVOKING Berserk.
  7305 | D:7      | HP: 17/88 [yak (11)]
  7311 | D:7      | HP: 9/88 [yak (9)]
  7314 | D:7      | Reached skill level 6 in Armour
  7314 | D:7      | Reached XP level 10. HP: 10/64 MP: 10/10
  7817 | D:7      | Found a staircase to the Ecumenical Temple.
  8025 | D:7      | Found a blossoming altar of Fedhas.
  8228 | D:7      | Found a stormy altar of Qazlal.
  8297 | D:7      | 8297 ||| Stepping ~*~*~tactically~*~*~ (stealth).
  8309 | D:7      | 8309 ||| Stepping ~*~*~tactically~*~*~ (stealth).
  8325 | D:7      | 8325 ||| Stepping ~*~*~tactically~*~*~ (stealth).
  8328 | D:7      | 8328 ||| Stepping ~*~*~tactically~*~*~ (stealth).
  8397 | D:7      | 8397 ||| DROPPING +0 ring mail of fire resistance.
  8398 | D:7      | 8398 ||| DROPPING +4 ring mail of Athuss {rElec rPois
                  | Int+2}.
  8399 | D:7      | 8399 ||| UPGRADING to +0 plate armour.
  8409 | D:7      | 8409 ||| DROPPING +0 chain mail.
  8410 | D:7      | 8410 ||| DROPPING ring of protection from cold.
  8443 | D:8      | 8443 ||| PLANNING OSSUARY
  8497 | D:8      | Found a glowing golden altar of the Shining One.
  8551 | D:8      | 8551 ||| INVOKING Berserk.
  8735 | D:8      | Found a white marble altar of Elyvilon.
  8750 | D:8      | 8750 ||| INVOKING Berserk.
  8865 | D:8      | 8865 ||| DROPPING +2 antimagic hand axe.
  9032 | D:8      | 9032 ||| RIP OSSUARY
  9040 | D:8      | 9040 ||| PLANNING D:1-11
  9041 | D:8      | 9041 ||| Stepping ~*~*~tactically~*~*~ (hiding).
  9046 | D:8      | 9046 ||| Stepping ~*~*~tactically~*~*~ (stealth).
  9047 | D:8      | 9047 ||| Stepping ~*~*~tactically~*~*~ (hiding).
  9059 | D:8      | Reached skill level 11 in Axes
  9305 | D:8      | Reached **** piety under Trog
  9404 | D:8      | 9404 ||| Stepping ~*~*~tactically~*~*~ (stealth).
  9472 | D:8      | Found an opulent altar of Gozag.
  9524 | D:8      | Found a basalt altar of Yredelemnul.
  9554 | D:8      | 9554 ||| DROPPING +4 ring of protection.
  9555 | D:8      | 9555 ||| READING scroll labelled VESCHE SEUPUCK.
  9556 | D:8      | 9556 ||| READING 8 scrolls of identify.
  9556 | D:8      | 9556 ||| IDENTIFYING murky golden potion
  9557 | D:8      | 9557 ||| READING 7 scrolls of identify.
  9557 | D:8      | 9557 ||| IDENTIFYING green potion
  9558 | D:8      | 9558 ||| READING 6 scrolls of identify.
  9558 | D:8      | 9558 ||| IDENTIFYING dark potion
  9559 | D:8      | 9559 ||| DROPPING potion of invisibility.
  9560 | D:8      | 9560 ||| DROPPING potion of degeneration.
  9694 | D:9      | Found an ornate altar of the Wu Jian Council.
  9765 | D:9      | 9765 ||| Stepping ~*~*~tactically~*~*~ (hiding).
  9919 | D:9      | Reached skill level 9 in Fighting
 10028 | D:9      | Found a runed translucent gate.
 10028 | D:9      | Found a runed translucent gate.
 10028 | D:9      | Found a runed translucent gate.
 10032 | D:9      | Noticed qw's ghost (novice TrCA)
 10048 | D:9      | Found a broken altar of Ashenzari.
 10254 | D:9      | 10254 ||| INVOKING Berserk.
 10475 | D:9      | Identified the +8 long sword of Wounding {flame, rElec}
 10533 | D:9      | Found a burning altar of Makhleb.
 10882 | D:9      | 10882 ||| READING scroll labelled OKHASUPTEH.
 10890 | D:10     | Entered Level 10 of the Dungeon
 10918 | D:10     | 10918 ||| INVOKING Berserk.
 10924 | D:10     | 10924 ||| STAIRDANCE
 11115 | D:10     | 11115 ||| INVOKING Berserk.
 11131 | D:10     | Noticed an orc knight
 11140 | D:10     | HP: 16/66 [orc/+0 hand axe (9)]
 11140 | D:10     | HP: 6/66 [orc warrior/+1 vorpal hand axe (10)]
 11140 | D:10     | HP: 2/66 [orc warrior/+1 vorpal hand axe (4)]
 11141 | D:10     | 11141 ||| READING 2 scrolls of teleportation.
 11141 | D:10     | Mangled by an orc knight

Levels and vault maps discovered:
D:1:      amcnicky_arrival_double_pillar, layout_loops_corners,
          minmay_pentomino_t2
D:2:      layout_rooms, dreamdust_ecumenical_altar_drowned_temple
D:3:      layout_basic, mainiacjoe_overflow_concentric_impassable, zin_statuary
D:4:      layout_loops_ring, palyth_temple_overflow_mages,
          mainiacjoe_overflow_small_starburst, nicolae_overflow_crystal_walls,
          nicolae_ru_awakened_eye, serial_rivers,
          chequers_serial_rivers_micro_e, chequers_serial_rivers_micro_e,
          chequers_serial_rivers_large_a, chequers_serial_rivers_room_a,
          reono_crystal_passage
D:5:      layout_loops_cross, lemuel_round_altar, minmay_gold_behind_fungi,
          uniq_pikel
D:6:      layout_loops_ring, dancing_weapons_uskayaw
D:7:      layout_layer_cave, mainiacjoe_overflow_24_doors,
          fedhas_altar_decomposition, nicolae_qazlal_eye_of_the_storm,
          minmay_temple_entry_large_hall, hellmonk_ghost_happy_afterlife,
          grunt_decor_resistance, kennysheep_generic_room_11
D:8:      layout_gridville, overflow_temple_1_default, lemuel_doored_altar,
          nicolae_tso_besieged_by_evil,
          nicolae_gozag_cash_rules_everything_around_me,
          nicolae_ossuary_entry_catacombs, hangedman_abyss_or_decor_clamps
D:9:      layout_layer_cave, mainiacjoe_overflow_paths, evilmike_ruin_ashenzari,
          lemuel_tele_altar, gammafunk_ghost_spectres
D:10:     layout_irregular_city, nicolae_dithmenos_the_darkroom, david_orc_5,
          enter_bailey_4, uniq_maggie

Skill      XL: |  1  2  3  4  5  6  7  8  9 10 |
---------------+-------------------------------+-----
Axes           | 3 4 5 6 7 9 10 11 | 11.0
Fighting       | 4 5 6 8 9 |  9.1
Dodging        | 2 |  2.2
Armour         | 4 6 8 |  8.0
Throwing       | 1 |  1.3

Action                   |  1- 3 |  4- 6 |  7- 9 | 10-12 || total
-------------------------+-------+-------+-------+-------++-------
Melee: Hand axe          |   122 |    57 |   375 |   313 ||   867
       Punch             |     1 |       |     2 |     8 ||    11
Throw: Boomerang         |       |       |     2 |    53 ||    55
Invok: Berserk           |     3 |     3 |     7 |     5 ||    18
  Use: Scroll            |     4 |     5 |     9 |     6 ||    24
       Potion            |     1 |     1 |     5 |       ||     7
Armor: Animal skin       |    18 |       |       |       ||    18
       Ring mail         |    12 |    15 |    24 |       ||    51
       Chain mail        |       |       |    94 |    13 ||   107
       Plate armour      |       |       |       |    84 ||    84
Dodge: Dodged            |    62 |    24 |   213 |   176 ||   475

Table legend:
 A = Non-vault XP
 B = Vault XP
 C = Vault XP percentage of total XP
 D = Non-vault monster count
 E = Vault monster count
 F = Vault count percentage of total count
                 A         B        C        D         E       F
            +---------+---------+-------+---------+---------+-------
      Total |    6755 |    1366 |  16.8 |     151 |      36 |  19.3
            +---------+---------+-------+---------+---------+-------
        D:1 |      38 |       3 |   7.3 |      25 |       2 |   7.4
        D:2 |      50 |       1 |   2.0 |      13 |       1 |   7.1
        D:3 |      35 |       0 |   0.0 |      13 |       0 |   0.0
        D:4 |     230 |     106 |  31.5 |       9 |       3 |  25.0
        D:5 |    1059 |     559 |  34.5 |      17 |       1 |   5.6
        D:6 |     895 |       0 |   0.0 |      21 |       0 |   0.0
        D:7 |    2135 |     464 |  17.9 |      21 |       7 |  25.0
        D:8 |    1230 |     186 |  13.1 |      20 |      19 |  48.7
        D:9 |     695 |       0 |   0.0 |       7 |       0 |   0.0
       D:10 |     388 |      47 |  10.8 |       5 |       3 |  37.5
            +---------+---------+-------+---------+---------+-------
